cohdb
Replays
Latest Replays
All Replays
Popular Replays
Top Player Replays
Match Explorer
How It Works
Community
CoH3 Stats
Reddit
Sign in to upload your games and track your stats! →
Sign in with Steam
Match 38752668
Unlisted
Match 38752668
Overview
Messages
Build Orders
End
Scout Squad
Construct Barracks
Riflemen Squad
Engineer Squad
Construct Weapon Support Center
M1919 Machine Gun Team
Mechanized Support Center
Selects Advanced Infantry Battlegroup
Selects Convert to Ranger Squad
M3 75 mm Gun Motor Carriage
Convert to Ranger Squad
Danver
silentbreacher
∞ | BoCuoi
PurePinoy
清里せんめ[Monster™]
午睡红茶
RAMS
waja0514
0
0
Comments
sign in to comment!
No comments posted yet!